AoeStats
← Axel_93

Migration

509827350Analyzed
1v1 RM · 4d ago on Sep 28, 2026· 65m 37s· 2 players
Game mode
Random Map
Map size
132×132
Population
200
Speed
Normal
Resources
Standard
Victory
Conquest
Starting age
Dark Age
Ending age
Imperial Age
RankedLock teamsTeams togetherTeam positionsShared explorationLock speedFull tech treeHidden civsTurbo modeCheats
Victory
Defeat
🇨🇭 Japanese · Switzerland
808
+17
🇦🇷 Armenians · Argentina
840
-17
marc10der
1:36 Loom
13:24 Feudal Age
18:22 Double-Bit Axe
22:10 Gold Mining
22:12 Stone Mining
22:29 Horse Collar
25:22 Castle Age
28:36 Gold Shaft Mining
28:13 Bow Saw
28:06 Heavy Plow
38:24 Imperial Age
36:30 Wheelbarrow
35:41 Town Watch
42:14 Chemistry
41:35 Ballistics
41:37 Shipwright
42:26 Hand Cart
43:41 Elite Cannon Galleon
45:53 Demolition Ship
55:06 Medium Warships
59:49 Squires
59:09 Pikeman
64:07 Halberdier
Axel_93
12:00 Feudal Age
16:36 Castle Age
14:41 Double-Bit Axe
14:47 Gold Mining
15:26 Loom
17:00 Fletching
18:26 Medium Warships
18:14 Bodkin Arrow
21:26 Town Watch
22:58 Town Patrol
34:24 Imperial Age
35:38 Heavy Warships
35:16 Padded Archer Armor
38:28 Conscription
39:19 Bracer
39:44 Ballistics
40:25 Chemistry
41:42 Man-at-Arms
42:08 Gambesons
43:51 Wheelbarrow
45:58 Fereters
45:56 Scale Mail Armor
46:12 Leather Archer Armor
46:03 Scale Barding Armor
47:16 Bloodlines
48:25 Forging
48:31 Chain Mail Armor
48:47 Ring Archer Armor
52:23 Hand Cart
52:31 Light Cavalry
57:42 Crossbowman
58:48 Husbandry
59:11 Chain Barding Armor
59:27 Iron Casting
Connection lost

Rejoining the realm…

Still unreachable

The connection could not be restored.

Session expired

The server has moved on; the page needs a fresh start.